omghax, neutral male scurrid Tourist ---------------- |..............| |..............| |...@J.........| |...d..........| ------.--------- omghax the Rambler Experience level: 1 Strength: 15 Dexterity: 13 Constitution: 12 Intelligence: 12 Wisdom: 10 Charisma: 13 Health: 0(9) Energy: 2(2) Def: 0 Gold: 183 Moves: 42 Dungeon seed: RJOlTCtqsvTbjJaW Game ID: omghax_1498611400 Your Inventory: Coins $ - 183 gold pieces Weapons a - 53 uncursed +2 darts (in quiver) Armor e - an uncursed +0 Hawaiian shirt (being worn) Comestibles b - an uncursed clove of garlic c - an uncursed tin of newt meat d - 2 uncursed fortune cookies f - 2 uncursed chestnuts g - an uncursed carrot h - 3 uncursed food rations i - an uncursed tripe ration Scrolls l - 4 uncursed scrolls of magic mapping Potions j - an uncursed potion of extra healing k - a blessed potion of extra healing Wands o - an uncursed wand of secret door detection (0:14) Tools m - an uncursed expensive camera (0:38) n - an uncursed credit card p - an uncursed oil lamp (0:1340) Spells and supernatural/magical abilities: Name Level Category Fail Memory W - pray for help -- divine ? -- Your skills at the end: Miscellaneous Skills wands [Basic] Weapon Skills dart [Basic] Spellcasting Skills Final Attributes: You were devoutly aligned. You had infravision. You were very stealthy. You are dead. Voluntary challenges: You went without food. You did not adorn yourself with jewelry or accessories. You did not cause conflict. You were not invisible. You did not have reflection. You were not displaced. You were an atheist. You never hit with a wielded weapon. You were a pacifist. You did not use tools. You did not use plumbed fixtures. You did not drink any magical draughts. You were illiterate. You never genocided any monsters. You never polymorphed an object. You never changed form. You used no wishes. You never split a pudding. You never wrote Elbereth's name. You never violated your personal moral code. Dungeon overview: The Dungeons of Doom: levels 1 to 18 Level 1 a long staircase Level 2 Level 3 a general store Level 4 a fountain Level 5 Level 6 Level 7 Level 8 Level 9 Level 10 Level 11 Level 12 Level 13 Level 14 Level 15 Level 16 Level 17 Level 18 <- You were here History has recorded: On T:1 you entered the Dungeons of Doom to retrieve the Amulet of Yendor! On T:4 you reached level 2 of The Dungeons of Doom. On T:7 you reached level 3 of The Dungeons of Doom. On T:9 you reached level 4 of The Dungeons of Doom. On T:11 you reached level 5 of The Dungeons of Doom. On T:13 you reached level 6 of The Dungeons of Doom. On T:16 you reached level 7 of The Dungeons of Doom. On T:18 you reached level 8 of The Dungeons of Doom. On T:20 you reached level 9 of The Dungeons of Doom. On T:22 you reached level 10 of The Dungeons of Doom. On T:26 you reached level 11 of The Dungeons of Doom. On T:28 you reached level 12 of The Dungeons of Doom. On T:31 you reached level 13 of The Dungeons of Doom. On T:33 you reached level 14 of The Dungeons of Doom. On T:35 you reached level 15 of The Dungeons of Doom. On T:37 you reached level 16 of The Dungeons of Doom. On T:37 you entered the Rogue tribute level. On T:40 you reached level 17 of The Dungeons of Doom. On T:42 you reached level 18 of The Dungeons of Doom. Score breakdown: Gold: 0 ( 0 points) Experience: 1 level ( 0 points) Exploration: 18 levels ( 510 points) Discoveries: 0 items ( 0 points) Variety of kills: 0 monsters ( 0 points) Major goal: (nothing yet) ( 0 points) Survival: died (score multiplied by 3) Total score: 1530 Latest messages: You start digging downward. You continue digging downward. You dig a pit in the floor. You continue digging downward. You dig a hole through the floor. You fall through... You enter what seems to be an older, more primitive world. You start digging downward. You continue digging downward. You dig a pit in the floor. You continue digging downward. You dig a hole through the floor. You fall through... The barrow wight casts a spell! The barrow wight is suddenly moving faster. You start digging downward. You continue digging downward. You dig a pit in the floor. You continue digging downward. You dig a hole through the floor. You fall through... The baby gryphon pecks! You die... Final status: Aloha omghax the Tourist, killed by a baby gryphon... You died in The Dungeons of Doom on dungeon level 18 with 1530 points, and 183 pieces of gold, after 42 moves. You were level 1 with a maximum of 9 hit points when you died.